3AAA
PORT ROYAL DISASTER @ TORTOLITA DRUMMERS
09/17/2034
 
TOP OF THE 1ST
Port Royal Disaster batting - Pitching for Tortolita Drummers : RHP Daniel Martínez
Pitching: RHP Daniel Martínez
Batting: LHB Ricky Payton 0-0: Ball
1-0: Foul Ball, location: 2F
1-1: Ball
2-1: Swinging Strike
2-2: SINGLE (Line Drive, 4)
Batting: SHB Júlio Morín Jr. 0-0: Fly out, F8 (Line Drive, 78D)
Batting: SHB Tony Manzanares 0-0: Foul Ball, location: 2F
0-1: Ball
1-1: Ball
2-1: Ball
3-1: Grounds into double play, 6-4-3 (Groundball, 56)
Top of the 1st over - 0 runs, 1 hit, 0 errors, 0 left on base; Port Royal 0 - Tortolita 0
BOTTOM OF THE 1ST
Tortolita Drummers batting - Pitching for Port Royal Disaster : LHP Chet Saks
Pitching: LHP Chet Saks
Batting: RHB Vincent Vega 0-0: Foul Ball, location: 2F
0-1: Ball
1-1: Swinging Strike
1-2: Strikes out looking
Batting: RHB Tomás Costello 0-0: SINGLE (Groundball, 56) (infield hit)
Batting: RHB Jesús Martínez 0-0: Ball
1-0: Ball
2-0: Ball
3-0: Called Strike
3-1: Base on Balls
Tomás Costello to second
Batting: RHB Mun-wah Law 0-0: Ball
1-0: Swinging Strike
1-1: Foul Ball, location: 2F
1-2: Strikes out looking
Batting: RHB Vincent Klein 0-0: Called Strike
0-1: Ball
1-1: Swinging Strike
1-2: Strikes out looking
Bottom of the 1st over - 0 runs, 1 hit, 0 errors, 2 left on base; Port Royal 0 - Tortolita 0
TOP OF THE 2ND
Port Royal Disaster batting - Pitching for Tortolita Drummers : RHP Daniel Martínez
Batting: RHB John Burton 0-0: Foul Ball, location: 2F
0-1: Ball
1-1: Foul Ball, location: 2F
1-2: Ball
2-2: Foul Ball, location: 2F
2-2: Ball
3-2: Strikes out swinging
Batting: RHB Anson Darrah 0-0: Swinging Strike
0-1: DOUBLE (Line Drive, 3D)
Batting: RHB Wrangler Haresnape 0-0: Ball
1-0: Called Strike
1-1: Fly out, F9 (Flyball, 89S)
Batting: RHB Michael Brannon 0-0: Called Strike
0-1: Ball
1-1: Swinging Strike
1-2: Ball
2-2: Foul Ball, location: 2F
2-2: Ground out 3-1 (Groundball, 34)
Top of the 2nd over - 0 runs, 1 hit, 0 errors, 1 left on base; Port Royal 0 - Tortolita 0
BOTTOM OF THE 2ND
Tortolita Drummers batting - Pitching for Port Royal Disaster : LHP Chet Saks
Batting: SHB Fernando Rincón 0-0: Foul Ball, location: 2F
0-1: Ball
1-1: Foul Ball, location: 2F
1-2: SINGLE (Groundball, 4MD)
Batting: RHB Otis Brewer 0-0: Ball
1-0: Foul Ball, location: 2F
1-1: Foul Ball, location: 2F
1-2: SINGLE (Line Drive, 6M)
Fernando Rincón to second
Fernando Rincón to third
Batting: LHB Glen Allen Mixon 0-0: Ball
1-0: Called Strike
1-1: Ball
2-1: Foul Ball, location: 2F
2-2: SINGLE (Groundball, 4D)
Fernando Rincón scores
Otis Brewer to second
Batting: RHB Scotty Glenn 0-0: Ball
1-0: Fly out, F5 (Popup, 56)
Batting: RHB Vincent Vega 0-0: Ball
1-0: 3-RUN HOME RUN (Flyball, 7D), Distance : 367 ft
Batting: RHB Tomás Costello 0-0: Ball
1-0: Ball
2-0: Called Strike
2-1: Ball
3-1: Called Strike
3-2: Ground out 2-3 (Groundball, 15S)
Batting: RHB Jesús Martínez 0-0: Ground out 6-3 (Groundball, 6)
Bottom of the 2nd over - 4 runs, 4 hits, 0 errors, 0 left on base; Port Royal 0 - Tortolita 4
TOP OF THE 3RD
Port Royal Disaster batting - Pitching for Tortolita Drummers : RHP Daniel Martínez
Batting: RHB Richard Cutshall 0-0: Ball
1-0: Called Strike
1-1: Foul Ball, location: 2F
1-2: Foul Ball, location: 2F
1-2: SINGLE (Groundball, 5D)
Batting: RHB Steve Bock 0-0: Ball
1-0: Ball
2-0: Called Strike
2-1: Swinging Strike
2-2: Strikes out swinging
Batting: LHB Ricky Payton 0-0: Called Strike
0-1: Ball
1-1: Foul Ball, location: 2F
1-2: Grounds into double play, 5-4-3 (Groundball, 56)
Top of the 3rd over - 0 runs, 1 hit, 0 errors, 0 left on base; Port Royal 0 - Tortolita 4
BOTTOM OF THE 3RD
Tortolita Drummers batting - Pitching for Port Royal Disaster : LHP Chet Saks
Batting: RHB Mun-wah Law 0-0: Ball
1-0: Swinging Strike
1-1: Swinging Strike
1-2: Foul Ball, location: 2F
1-2: Ball
2-2: Ball
3-2: SINGLE (Groundball, 56D)
Batting: RHB Vincent Klein 0-0: Ball
1-0: Fly out, F9 (Flyball, 9)
Batting: SHB Fernando Rincón 0-0: Called Strike
0-1: Swinging Strike
0-2: Fly out, F9 (Flyball, 89M)
Batting: RHB Otis Brewer 0-0: Ball
1-0: Fielders Choice at 2nd, 5-4 (Groundball, 5)
Bottom of the 3rd over - 0 runs, 1 hit, 0 errors, 1 left on base; Port Royal 0 - Tortolita 4
TOP OF THE 4TH
Port Royal Disaster batting - Pitching for Tortolita Drummers : RHP Daniel Martínez
Batting: SHB Júlio Morín Jr. 0-0: Ball
1-0: Fly out, F7 (Line Drive, 78M)
Batting: SHB Tony Manzanares 0-0: Ball
1-0: Ball
2-0: Called Strike
2-1: Ball
3-1: Foul Ball, location: 2F
3-2: Foul Ball, location: 2F
3-2: Strikes out looking
Batting: RHB John Burton 0-0: Called Strike
0-1: Ball
1-1: Called Strike
1-2: Ball
2-2: Ground out 6-3 (Groundball, 6)
Top of the 4th over - 0 runs, 0 hits, 0 errors, 0 left on base; Port Royal 0 - Tortolita 4
BOTTOM OF THE 4TH
Tortolita Drummers batting - Pitching for Port Royal Disaster : LHP Chet Saks
Batting: LHB Glen Allen Mixon 0-0: Reached on error, E4 (Groundball, 4S)
Batting: RHB Scotty Glenn 0-0: Ball
1-0: Ball
2-0: Foul Ball, location: 2F
2-1: Ball
3-1: Fly out, F8 (Flyball, 8LM)
Batting: RHB Vincent Vega 0-0: Ground out 4-3 (Groundball, 4S)
Glen Allen Mixon to third
Batting: RHB Tomás Costello 0-0: Ground out 3-1 (Groundball, 34)
Bottom of the 4th over - 0 runs, 0 hits, 1 error, 1 left on base; Port Royal 0 - Tortolita 4
TOP OF THE 5TH
Port Royal Disaster batting - Pitching for Tortolita Drummers : RHP Daniel Martínez
Batting: RHB Anson Darrah 0-0: Called Strike
0-1: Ball
1-1: SINGLE (Line Drive, 78S)
Batting: RHB Wrangler Haresnape 0-0: Ball
1-0: Called Strike
1-1: Ball
2-1: SINGLE (Flyball, 7LS)
Anson Darrah to second
Batting: RHB Michael Brannon 0-0: Ball
1-0: Ball
2-0: Grounds into double play, 6-4-3 (Groundball, 6)
Anson Darrah to third
Batting: RHB Richard Cutshall 0-0: Called Strike
0-1: Ball
1-1: Ball
2-1: Ball
3-1: Base on Balls
Batting: RHB Steve Bock 0-0: Ball
Wild Pitch!
Anson Darrah scores
Richard Cutshall to second
1-0: SINGLE (Line Drive, 56D)
Richard Cutshall to third
Batting: LHB Ricky Payton 0-0: Ground out 4-3 (Groundball, 34)
Top of the 5th over - 1 run, 3 hits, 0 errors, 2 left on base; Port Royal 1 - Tortolita 4
BOTTOM OF THE 5TH
Tortolita Drummers batting - Pitching for Port Royal Disaster : LHP Chet Saks
Batting: RHB Jesús Martínez 0-0: Ground out 4-3 (Groundball, 4)
Batting: RHB Mun-wah Law 0-0: Ball
1-0: Called Strike
1-1: Fly out, F7 (Flyball, 7LDF)
Batting: RHB Vincent Klein 0-0: Ball
1-0: Ball
2-0: Called Strike
2-1: Swinging Strike
2-2: Ground out 6-3 (Groundball, 6)
Bottom of the 5th over - 0 runs, 0 hits, 0 errors, 0 left on base; Port Royal 1 - Tortolita 4
TOP OF THE 6TH
Port Royal Disaster batting - Pitching for Tortolita Drummers : RHP Daniel Martínez
Batting: SHB Júlio Morín Jr. 0-0: SINGLE (Groundball, 4D)
Batting: SHB Tony Manzanares 0-0: Ball
Wild Pitch!
Júlio Morín Jr. to second
1-0: Foul Ball, location: 2F
1-1: DOUBLE (Line Drive, 9LM)
Júlio Morín Jr. scores
Batting: RHB John Burton 0-0: Ball
1-0: Ball
2-0: Called Strike
2-1: Called Strike
2-2: Fly out, F9 (Line Drive, 9D)
Runner from 2nd tags up, SAFE at 3rd, no throw
Batting: RHB Anson Darrah 0-0: Ball
1-0: Ball
2-0: Ball
3-0: Called Strike
3-1: Base on Balls
Batting: RHB Wrangler Haresnape 0-0: Foul Ball, location: 2F
0-1: Ball
1-1: Ball
2-1: Ball
3-1: Called Strike
3-2: Foul Ball, location: 2F
3-2: Base on Balls
Anson Darrah to second
Batting: RHB Michael Brannon 0-0: Foul Ball, location: 2F
0-1: Called Strike
0-2: Grounds into double play, 5-4-3 (Groundball, 56)
Top of the 6th over - 1 run, 2 hits, 0 errors, 2 left on base; Port Royal 2 - Tortolita 4
BOTTOM OF THE 6TH
Tortolita Drummers batting - Pitching for Port Royal Disaster : LHP Chet Saks
Batting: SHB Fernando Rincón 0-0: Called Strike
0-1: Ball
1-1: Ball
2-1: Fly out, F7 (Flyball, 78S)
Batting: RHB Otis Brewer 0-0: Ball
1-0: Ball
2-0: Single, Error in OF, E7, batter to second base
Batting: LHB Glen Allen Mixon 0-0: Ball
1-0: Ball
2-0: Called Strike
2-1: Called Strike
2-2: Foul Ball, location: 2F
2-2: Ball
3-2: Base on Balls
Batting: RHB Scotty Glenn 0-0: Swinging Strike
0-1: Ball
1-1: Swinging Strike
1-2: Strikes out swinging
Pitching: RHP Will Moore
Batting: RHB Vincent Vega 0-0: Foul Ball, location: 2F
0-1: Ball
1-1: Foul Ball, location: 2F
1-2: Foul Ball, location: 2F
1-2: SINGLE (Line Drive, 6D)
Otis Brewer to third
Glen Allen Mixon to second
Batting: RHB Tomás Costello 0-0: Called Strike
0-1: Foul Ball, location: 2F
0-2: Strikes out swinging
Bottom of the 6th over - 0 runs, 2 hits, 1 error, 3 left on base; Port Royal 2 - Tortolita 4
TOP OF THE 7TH
Port Royal Disaster batting - Pitching for Tortolita Drummers : RHP Daniel Martínez
Batting: RHB Richard Cutshall 0-0: Called Strike
0-1: Ball
1-1: Swinging Strike
1-2: SINGLE (Groundball, 4MD)
Pitching: RHP Pedro Figueroa
Batting: RHB Steve Bock 0-0: Bunted foul
0-1: Sac Bunt - play at first, batter OUT! U3
Richard Cutshall to second
Batting: LHB Ricky Payton 0-0: Called Strike
0-1: Foul Ball, location: 2F
0-2: Ball
1-2: Ground out 4-3 (Groundball, 4)
Richard Cutshall to third
Batting: SHB Júlio Morín Jr. 0-0: Called Strike
0-1: Ball
1-1: Ground out 6-3 (Groundball, 6)
Top of the 7th over - 0 runs, 1 hit, 0 errors, 1 left on base; Port Royal 2 - Tortolita 4
BOTTOM OF THE 7TH
Tortolita Drummers batting - Pitching for Port Royal Disaster : RHP Will Moore
Batting: RHB Jesús Martínez 0-0: Called Strike
0-1: Fly out, F3 (Popup, 34)
Batting: RHB Mun-wah Law 0-0: Called Strike
0-1: Ball
1-1: Ground out 1-3 (Groundball, P)
Batting: RHB Vincent Klein 0-0: Swinging Strike
0-1: Called Strike
0-2: Ball
1-2: Foul Ball, location: 2F
1-2: Ball
2-2: Ball
3-2: SINGLE (Line Drive, 34D)
Batting: SHB Fernando Rincón 0-0: Called Strike
0-1: Ball
1-1: SINGLE (Flyball, 78S)
Vincent Klein to second
Pinch Hitting: LHB Yannick Hendriksen 0-0: Ball
1-0: Fly out, F3 (Line Drive, 3)
Bottom of the 7th over - 0 runs, 2 hits, 0 errors, 2 left on base; Port Royal 2 - Tortolita 4
TOP OF THE 8TH
Port Royal Disaster batting - Pitching for Tortolita Drummers : RHP Pedro Figueroa
Now in RF: Salvador Esparza
Batting: SHB Tony Manzanares 0-0: Fly out, F8 (Flyball, 8RM)
Batting: RHB John Burton 0-0: Called Strike
0-1: Ball
1-1: Foul Ball, location: 2F
1-2: SINGLE (Line Drive, 7S)
Batting: RHB Anson Darrah 0-0: Called Strike
0-1: Foul Ball, location: 2F
0-2: Fly out, F9 (Flyball, 9S)
Batting: RHB Wrangler Haresnape 0-0: Called Strike
0-1: SINGLE (Flyball, 89S)
John Burton to second
Runner from 2nd tries for 3rd, SAFE, no throw
Batting: RHB Michael Brannon 0-0: Called Strike
0-1: Ball
1-1: Fielders Choice at 2nd, 6-4 (Groundball, 56)
Top of the 8th over - 0 runs, 2 hits, 0 errors, 2 left on base; Port Royal 2 - Tortolita 4
BOTTOM OF THE 8TH
Tortolita Drummers batting - Pitching for Port Royal Disaster : RHP Will Moore
Batting: LHB Glen Allen Mixon 0-0: Ball
1-0: Fly out, F9 (Line Drive, 89D)
Batting: RHB Scotty Glenn 0-0: Fly out, F8 (Flyball, 8RD)
Batting: RHB Vincent Vega 0-0: Ball
1-0: Swinging Strike
1-1: Swinging Strike
1-2: Ball
2-2: Strikes out swinging
Bottom of the 8th over - 0 runs, 0 hits, 0 errors, 0 left on base; Port Royal 2 - Tortolita 4
TOP OF THE 9TH
Port Royal Disaster batting - Pitching for Tortolita Drummers : RHP Pedro Figueroa
Pitching: RHP Briggs Bourgeois
Batting: RHB Richard Cutshall 0-0: Ball
1-0: Foul Ball, location: 2F
1-1: Foul Ball, location: 2F
1-2: Ball
2-2: Ball
3-2: Strikes out looking
Batting: RHB Steve Bock 0-0: Swinging Strike
0-1: Called Strike
0-2: Ball
1-2: Ball
2-2: Ball
3-2: Strikes out swinging
Batting: LHB Ricky Payton 0-0: Ball
1-0: Ball
2-0: Ball
3-0: Base on Balls
Batting: SHB Júlio Morín Jr. 0-0: Ball
1-0: Called Strike
1-1: Ball
2-1: Ball
3-1: Base on Balls
Ricky Payton to second
Batting: SHB Tony Manzanares 0-0: Ball
1-0: Foul Ball, location: 2F
1-1: Swinging Strike
1-2: Ball
2-2: Ball
3-2: Strikes out looking
Top of the 9th over - 0 runs, 0 hits, 0 errors, 2 left on base; Port Royal 2 - Tortolita 4
Friday, March 29th, 2019 - OOTP Baseball 18.8 Build 76